 Dungeon Crawl Stone Soup version 0.30-a0-465-g8901f6c8b5 (console) character file.

Game seed: 16693523781208652090

143 jejorda2 the Slasher (level 5, -4/42 HPs)
             Began as a Merfolk Berserker on Dec 17, 2022.
             Was a Believer of Trog.
             Slain by an iguana (9 damage)
             ... on level 4 of the Dungeon.
             The game lasted 00:04:59 (1518 turns).

jejorda2 the Slasher (Merfolk Berserker)            Turns: 1518, Time: 00:05:00

Health: -4/42      AC:  6    Str: 17    XL:     5   Next: 25%
Magic:  5/5        EV: 11    Int:  6    God:    Trog [**....]
Gold:   82         SH:  0    Dex: 16    Spells: 4/4 levels left

rFire   . . .      SeeInvis .    a - +0 falchion
rCold   . . .      Faith    .    (no shield)
rNeg    . . .      Spirit   .    f - +0 scale mail
rPois   .          Reflect  .    (no helmet)
rElec   .          Harm     .    (no cloak)
rCorr   .          Rampage  .    (no gloves)
Will    .....                    (no boots)
Stlth   ..........               j - amulet of the acrobat
HPRegen 0.27/turn                (no ring)
MPRegen 0.09/turn                (no ring)

@: weak-willed, on berserk cooldown, slowed, very slow
A: (nimble swimmer 2), mertail
a: Renounce Religion, Berserk, Trog's Hand


You were on level 4 of the Dungeon.
You worshipped Trog.
Trog was pleased with you.
You visited 1 branch of the dungeon, and saw 3 of its levels.

You collected 82 gold pieces.

Inventory:

Hand Weapons
 a - a +0 falchion (weapon)
 d - a +0 short sword
Missiles
 e - 20 stones (quivered)
Armour
 f - a +0 scale mail (worn)
Jewellery
 j - an amulet of the acrobat (around neck)
Scrolls
 c - 3 scrolls of identify
 g - a scroll of torment
Potions
 b - 2 potions of curing
 i - a potion of lignification


   Skills:
 + Level 3.9 Fighting
 * Level 5.0 Long Blades
 + Level 2.0 Armour
 * Level 4.5 Dodging


You had 4 spell levels left.
You didn't know any spells.
Your spell library was empty.

Dungeon Overview and Level Annotations

Branches:
Dungeon (4/15)
 Temple: D:4-7

Altars:

Shops:
D:2 *

Annotations:
D:4 Menkaure


Innate Abilities, Weirdness & Mutations

((You are very nimble when in or above water. (Stealth+, EV+, Speed+++)))
Your lower body shifts to a powerful aquatic tail in water.


Message History

The giant cockroach barely misses you. The adder bites you but does no damage.
The giant cockroach waves its antennae.
The giant cockroach bites you but does no damage.
The iguana bites you.
* * * LOW HITPOINT WARNING * * *
Menkaure, Prince of Dust comes into view.
The adder bites you.
* * * LOW HITPOINT WARNING * * *
You hit the adder but do no damage.
The adder is almost dead.
The adder closely misses you.
The giant cockroach bites you but does no damage.
The iguana closely misses you.
A goblin comes into view. It is wielding a +0 dagger.
The giant cockroach closely misses you. The adder bites you.
* * * LOW HITPOINT WARNING * * *
The iguana misses you.
Unknown command.
Unknown command.
You hit the adder.
The adder is almost dead.
The adder barely misses you.
The giant cockroach bites you but does no damage.
The iguana closely misses you. The adder barely misses you.
The giant cockroach bites you but does no damage.
Menkaure calls on the powers of darkness!
The endoplasm convulses!
The giant cockroach convulses!
Your body is wracked with pain!
* * * LOW HITPOINT WARNING * * *
The iguana convulses!
Unknown command.
You hit the adder.
You kill the adder!
Trog accepts your kill. The iguana barely misses you.
The giant cockroach bites you but does no damage.
The endoplasm jiggles.
The giant cockroach bites you but does no damage.
The iguana bites you!
You die...

#.....#.#.. #.........#
#.........## #...... ...#
#####....###...#
.........#....#
......##.#...###
.##..##)†l.....# ### ###
#......@......###.####..
....M...JB.....##........
#..............##.....#..
##.#.......g...##...###..
. #.####...........#..†.
... #................ ...
..................# ..
.$.................#
.......#..:........#


You could see Menkaure, an iguana (weak-willed), an endoplasm, a giant cockroach
(weak-willed) and a goblin.

Vanquished Creatures
  A howler monkey (D:4)
  An iguana (D:4)
  3 adders
  An ufetubus (D:4)
  3 dart slugs
  4 endoplasms
  8 goblins
  8 hobgoblins
  5 kobolds
  4 quokkas
  3 ball pythons (D:1)
  2 bats
  3 frilled lizards (D:1)
  8 rats
54 creatures vanquished.

Notes
Turn   | Place    | Note
-------+----------+-------------------------------------------
     0 | D:1      | jejorda2 the Merfolk Berserker began the quest for the Orb.
     0 | D:1      | Reached XP level 1. HP: 18/18 MP: 1/1
   150 | D:1      | Reached XP level 2. HP: 24/24 MP: 2/2
   226 | D:1      | Reached skill level 4 in Long Blades
   434 | D:1      | Reached XP level 3. HP: 28/29 MP: 3/3
   926 | D:2      | Found Gizoxza's Assorted Antiques.
  1240 | D:2      | Identified the +0 leather armour of Hide-and-Seek {Int+2}
  1261 | D:2      | Reached XP level 4. HP: 13/37 MP: 4/4
  1370 | D:2      | Reached ** piety under Trog
  1457 | D:2      | You fall into a shaft and drop 2 floors!
  1498 | D:4      | Reached skill level 5 in Long Blades
  1498 | D:4      | Reached XP level 5. HP: 42/42 MP: 5/5
  1515 | D:4      | Noticed Menkaure
  1518 | D:4      | Slain by an iguana

Illustrated notes

Levels and vault maps discovered:
D:1:      dpeg_arrival_central, layout_basic, serial_park_tiny_1
D:2:      layout_loops_ring, serial_shops, shop
D:4:      layout_cave_pools, lemuel_tele_altar, ebering_ghost_rock_garden,
          uniq_menkaure, uniq_edmund, uniq_duvessa

Skill      XL: |  1  2  3  4 |
---------------+-------------+-----
Dodging        | 3 4 |  4.5
Long Blades    | 4 5 |  5.0
Armour         | 2 |  2.0
Fighting       | |  3.9

Action                   |  1- 3 |  4- 6 || total
-------------------------+-------+-------++-------
Melee: Falchion          |   120 |    36 ||   156
       Punch             |     1 |       ||     1
Invok: Berserk           |       |     1 ||     1
  Use: Potion            |     3 |       ||     3
       Scroll            |       |     3 ||     3
Armor: Animal skin       |     8 |       ||     8
       Scale mail        |    10 |    32 ||    42
       Skin              |     4 |       ||     4
Dodge: Dodged            |    71 |    64 ||   135

Table legend: (Time is in decaauts)
 A = Elapsed time spent in this place.
 B = Non-inter-level travel time spent in this place.
 C = Inter-level travel time spent in this place.
 D = Time resting spent in this place.
 E = Time spent auto-exploring this place.
 F = Levels seen in this place.
 G = Mean time per level.
                   A        B        C        D        E       F      G
               +--------+--------+--------+--------+--------+-----+--------+
         Total |   1515 |   1503 |     12 |     20 |   1117 |   3 |  505.0 |
       Dungeon |   1515 |   1503 |     12 |     20 |   1117 |   3 |  505.0 |
               +--------+--------+--------+--------+--------+-----+--------+

Top non-repeatable levels by time:
     D:1: 849 daAuts
     D:2: 601 daAuts
     D:4: 65 daAuts
